Quickblade, chaotic female elven Rogue - >.---- -.....| .....%--- - |.[@.G| --.GG.. --.G. -.. Quickblade the Rogue Experience level: 7 Strength: 17 Dexterity: 19 Constitution: 14 Intelligence: 9 Wisdom: 11 Charisma: 9 Health: 0(46) Energy: 43(43) Def: 9 Gold: 465 Moves: 4563 Dungeon seed: TmTU6quyj4MRsQEd Game ID: Quickblade_1437622979 Your Inventory: Coins $ - 465 gold pieces Amulets w - an uncursed amulet of ESP Weapons a - a +0 elven short sword e - 11 cursed -2 shuriken k - a cursed -1 elven dagger t - 13 +0 elven daggers (wielded) Armor n - a blessed +2 elven mithril-coat (being worn) y - a cursed thoroughly rusty -1 dwarvish iron helm (being worn) z - a blessed +1 dwarvish cloak (being worn) N - an uncursed +0 pair of iron shoes (being worn) S - an uncursed +1 Hawaiian shirt Comestibles m - 2 uncursed sprigs of wolfsbane p - an uncursed tripe ration Q - 2 uncursed fortune cookies Scrolls x - a cursed scroll of magic mapping C - an uncursed scroll of teleportation Potions c - an uncursed potion of healing Rings l - an uncursed ring of sustain ability A - a cursed -1 ring of gain strength B - an uncursed ring of levitation H - an uncursed ring of poison resistance Wands b - a wand of light (0:13) r - a wand of light (0:12) T - a wand of slow monster (0:4) Tools d - an uncursed lock pick f - an uncursed sack g - an uncursed blindfold o - a drum of earthquake (0:4) s - an uncursed sack v - an uncursed oil lamp (0:1285) D - an uncursed oil lamp (lit) (0:904) X - an uncursed tallow candle (0:200) Y - an uncursed pair of lenses Gems q - an uncursed worthless piece of violet glass Contents of the sack: an uncursed scroll of confuse monster a cursed scroll of confuse monster an uncursed scroll of create monster a blessed scroll of earth a cursed scroll of enchant weapon a cursed scroll of food detection an uncursed scroll of remove curse a blessed scroll of taming a cursed scroll of water an uncursed potion of blindness 2 uncursed potions of enlightenment an uncursed potion of invisibility an uncursed potion of see invisible an uncursed potion of sickness a potion of unholy water Spells and supernatural/magical abilities: Name Level Category Fail Memory m - magic missile 2 attack 100% 90% n - detect monsters 1 divination 100% 91% M - magic mapping 5 divination 100% 91% W - pray for help -- divine ? -- Your skills at the end: Fighting Skills Weapon Skills dagger [Expert] short sword [Basic] Spellcasting Skills Final Attributes: You were piously aligned. You were sleep resistant. You were poison resistant. You had infravision. You were stealthy. You are dead. Vanquished creatures: a dwarf lord a blue jelly 8 Uruk-hai a rock piercer a pony a shrieker a gnome lord a gnomish wizard a kobold mummy a gray ooze a straw golem 3 floating eyes 5 dwarves a kobold lord a kobold shaman 2 rothes a rabid rat 2 monkeys 2 orc zombies a werejackal 3 iguanas an acid blob 5 coyotes 3 hobbits a hobgoblin 4 giant rats 12 gnomes 2 garter snakes 2 manes 4 geckos 6 jackals 2 foxen 4 kobolds a goblin 9 grid bugs a bat 7 lichens 2 kobold zombies 7 newts 112 creatures vanquished. Voluntary challenges: You were an atheist. You used a wielded weapon 181 times, starting on turn 10. You read items or engraved 26 times, starting on turn 2560. You never genocided any monsters. You never polymorphed an object. You never changed form. You used no wishes. You never split a pudding. You never wrote Elbereth's name. You never violated your personal moral code. You abstained from Elbereth's help. Dungeon overview: The Dungeons of Doom: levels 1 to 7 Level 1 a long staircase Level 2 stairs to The Gnomish Mines Level 3 Level 4 Level 5 a jewelry store Level 6 Level 7 The Gnomish Mines: levels 3 to 4 Level 3 stairs to The Dungeons of Doom Level 4 <- You were here History has recorded: On T:1 you entered the Dungeons of Doom to retrieve the Amulet of Yendor! On T:458 you advanced to experience level 2. On T:770 you reached level 2 of The Dungeons of Doom. On T:1147 you advanced to experience level 3. On T:1303 you reached level 3 of The Dungeons of Doom. On T:1676 you reached level 4 of The Dungeons of Doom. On T:1734 you advanced to experience level 4. On T:2002 you reached level 5 of The Dungeons of Doom. On T:2477 you reached level 1 of The Gnomish Mines. On T:2478 you advanced to experience level 5. On T:3224 you advanced to experience level 6. On T:3343 you reached level 6 of The Dungeons of Doom. On T:3624 you reached level 7 of The Dungeons of Doom. On T:4521 you reached level 2 of The Gnomish Mines. On T:4529 you advanced to experience level 7. Score breakdown: Gold: 465 ( 46 points) Experience: 7 levels ( 600 points) Exploration: 7 levels ( 180 points) Discoveries: 8 items ( 400 points) Variety of kills: 39 monsters ( 1950 points) Major goal: (nothing yet) ( 0 points) Survival: died (score multiplied by 3) Total score: 9528 Latest messages: Your feet are frozen to the floor! The dwarf wields a pick-axe! The gnome drinks a brilliant blue potion! The gnome is suddenly moving faster. The gnome misses. The gnome hits! (2x) You hear crashing rock. The gnome hits! The gnome just misses! The gnome wields a crossbow! Click! The gnome triggers a rolling boulder trap. You hear crashing rock. The gnome misses. The gnome hits! Click! The gnome triggers a rolling boulder trap. The gnome wields a crossbow! The gnome hits! (2x) The gnome lord hits! The gnome just misses! The gnome hits! The gnome lord hits! You die... The sack is empty. Final status: Goodbye Quickblade the Rogue, killed by a gnome lord, while frozen by a potion... You died in The Gnomish Mines on dungeon level 4 with 9528 points, and 465 pieces of gold, after 4563 moves. You were level 7 with a maximum of 46 hit points when you died.